 Dungeon Crawl Stone Soup version 0.29.1-15-g9cfb28693d (webtiles) character file.

Game seed: 13546518615006962152

273 croobank the Caller (level 6, -3/41 HPs)
             Began as an Octopode Summoner on Apr 21, 2023.
             Slain by Eustachio
             ... wielding a +0 falchion
              (6 damage)
             ... on level 4 of the Dungeon.
             The game lasted 00:10:05 (3206 turns).

croobank the Caller (Octopode Summoner)             Turns: 3206, Time: 00:10:06

Health: -3/41      AC:  1    Str:  7    XL:     6   Next: 23%
Magic:  7/10       EV: 14    Int: 19    God:
Gold:   119        SH:  0    Dex: 13    Spells: 2/11 levels left

rFire   . . .      SeeInvis .   k - +1 great sword
rCold   . . .      Faith    .   (shield currently unavailable)
rNeg    . . .      Spirit   .   (helmet restricted)
rPois   .          Reflect  .   (no amulet)
rElec   .          Harm     .   (no ring)
rCorr   .          Rampage  .   (no ring)
Will    .....                   (no ring)
Stlth   +++.......              (no ring)
HPRegen 0.13/turn               (no ring)
MPRegen 0.12/turn               (no ring)
                                (no ring)
                                (no ring)

@: no status effects
A: almost no armour, amphibious, 8 rings, camouflage 1, gelatinous body 1,
(nimble swimmer 1), tentacles
a: no special abilities


You were on level 4 of the Dungeon.
You visited 1 branch of the dungeon, and saw 4 of its levels.

You collected 119 gold pieces.

Inventory:

Hand Weapons
 d - a +0 dagger
 i - a +0 falchion
 k - a +1 great sword (weapon)
Missiles
 h - 3 atropa-tipped darts (quivered)
 p - 21 poisoned darts
Jewellery
 o - a ring of ice
Wands
 c - a wand of flame (12)
Scrolls
 f - a scroll of teleportation {unknown}
 j - a scroll of acquirement {unknown}
 l - a scroll of enchant armour {unknown}
 m - a scroll of blinking {unknown}
 s - a scroll of identify {unknown}
Potions
 a - 3 potions of magic
 b - 2 potions of brilliance
 e - 2 potions of flight {unknown}
 g - a potion of heal wounds
 n - a potion of haste {unknown}
 q - a potion of might
 r - a potion of ambrosia
 t - 2 potions of curing {unknown}
 u - a potion of mutation {unknown}


   Skills:
 + Level 2.7 Fighting
 * Level 0.0 Long Blades
 + Level 3.5 Dodging
 - Level 2.6 Stealth
 + Level 3.3 Spellcasting
 + Level 0.0 Hexes
 + Level 5.0 Summonings


You had 2 spell levels left.
You knew the following spells:

 Your Spells              Type           Power      Damage    Failure   Level
a - Summon Small Mammal   Summ           88%        N/A       1%          1
b - Call Imp              Summ           22%        N/A       2%          2
c - Call Canine Familiar  Summ           22%        N/A       5%          3
d - Summon Guardian Gole  Hex/Summ       12%        N/A       16%         3

Your spell library contained the following spells:

 Spells                   Type           Power      Damage    Failure   Level
 Foxfire                  Conj/Fire      12%        2x1d4     16%         1
 Sublimation of Blood     Necr           3%         N/A       22%         2
 Wereblood                Tmut           3%         N/A       22%         2
 Conjure Flame            Conj/Fire      3%         6-21      41%         3
 Gell's Gravitas          Tloc           3%         N/A       41%         3
 Inner Flame              Hex/Fire       3%         N/A       41%         3
 Lesser Beckoning         Tloc           3%         N/A       41%         3
 Teleport Other           Tloc           3%         N/A       41%         3
 Summon Lightning Spire   Summ/Air       12%        N/A       45%         4
 Flame Wave               Conj/Fire      3%         2d5       83%         4
 Summon Hydra             Summ           11%        N/A       100%        7


Dungeon Overview and Level Annotations

Branches:
Dungeon (4/15)
 Temple: D:4-7

Altars:
Fedhas

Annotations:
D:2 1 runed translucent door, Crazy Yiuf
D:4 Eustachio


Innate Abilities, Weirdness & Mutations

You cannot wear most types of armour.
You are amphibious.
You can wear up to eight rings at the same time.
Your skin changes colour to match your surroundings (Stealth+).
Your rubbery body absorbs attacks. (AC +1, EV +1)
((You are camouflaged when in or above water. (Stealth+)))
You have tentacles for arms and can constrict up to eight enemies at once.


Message History

The bat struggles to escape constriction.
The bat misses you.
The bat struggles to escape constriction.
You barely miss the bat.
The bat is severely wounded.
You constrict the bat.
You kill the bat!
The bat's corpse disappears in a puff of smoke!
You miss Eustachio. Your grab misses Eustachio. You squeeze Eustachio.
Eustachio is lightly wounded.
Eustachio casts a spell.
Eustachio blinks!
The quokka barely misses you.
You closely miss Eustachio. Your grab misses Eustachio.
Eustachio is lightly wounded.
The quokka misses you. Eustachio hits you with a +0 falchion!
The quokka misses you. Eustachio hits you with a +0 falchion!
You hit Eustachio. You grab Eustachio.
You squeeze Eustachio, but do no damage.
Eustachio is lightly wounded.
You constrict Eustachio. The quokka barely misses you.
Eustachio hits you with a +0 falchion! The quokka bites you.
* * * LOW HITPOINT WARNING * * *
You slash Eustachio!
Eustachio is moderately wounded.
You constrict Eustachio. Eustachio misses you. The quokka closely misses you.
Eustachio hits you with a +0 falchion.
* * * LOW HITPOINT WARNING * * *
The quokka closely misses you.
You slash Eustachio!
Eustachio is severely wounded.
You constrict Eustachio, but do no damage.
The quokka misses you.
Eustachio gestures wildly while chanting.
Eustachio blinks free!
The quokka misses you.
Casting: Call Canine Familiar (dangerous; 5% risk of failure)
Confirm with . or Enter, or press ? or * to list all spells.
The quokka bites you.
* * * LOW HITPOINT WARNING * * *
Eustachio attacks as you move away! Eustachio hits you with a +0 falchion.
You die...

..# ### ..#
#.. .. #.##.##
#.#...#
######.#...# #
#......r...#.#
#.#...)@@...<#
#.......#..#>#
#.....h....#
#...>...###...
#......## .#
####?#.# #
...#.##
###.#.<###.#
#.#......#


You could see Eustachio (ally target), a quokka (summoned) and a friendly hound
(summoned).

Vanquished Creatures
  Jessica (D:3)
  3 adders (D:3)
  An orc (D:4)
  4 bats
  3 endoplasms
  A giant cockroach (D:3)
  4 hobgoblins
  A jackal (D:1)
  3 ball pythons
  A kobold (D:3)
  2 rats
24 creatures vanquished.

Vanquished Creatures (collateral kills)
  Sigmund (D:2)
  2 adders (D:2)
  A dart slug (D:1)
  2 bats (D:1)
  2 endoplasms (D:1)
  A giant cockroach (D:1)
  2 goblins (D:1)
  5 hobgoblins (D:1)
  A jackal (D:1)
  A quokka (D:2)
  4 ball pythons
  A frilled lizard (D:1)
  2 rats (D:1)
25 creatures vanquished.

Vanquished Creatures (others)
  7 plants (D:2)
7 creatures vanquished.

Grand Total: 56 creatures vanquished

Notes
Turn   | Place    | Note
-------+----------+-------------------------------------------
     0 | D:1      | croobank the Octopode Summoner began the quest for the Orb.
     0 | D:1      | Reached XP level 1. HP: 11/11 MP: 3/3
   249 | D:1      | Reached XP level 2. HP: 18/18 MP: 1/5
   252 | D:1      | Learned a level 2 spell: Call Imp
   812 | D:1      | Reached skill level 1 in Fighting
   861 | D:1      | Reached XP level 3. HP: 23/23 MP: 2/6
   903 | D:1      | Learned a level 3 spell: Call Canine Familiar
  1246 | D:2      | Noticed Sigmund
  1684 | D:2      | Killed Sigmund
  1685 | D:2      | Reached XP level 4. HP: 30/30 MP: 3/8
  1685 | D:2      | Reached XP level 5. HP: 35/35 MP: 3/9
  1878 | D:2      | Found a faded altar of an unknown god.
  2043 | D:2      | Found a runed translucent door.
  2044 | D:2      | Noticed Crazy Yiuf
  2289 | D:3      | Noticed Jessica
  2292 | D:3      | Killed Jessica
  2293 | D:3      | Reached XP level 6. HP: 41/41 MP: 10/10
  2356 | D:3      | Found a blossoming altar of Fedhas.
  2533 | D:3      | Reached skill level 5 in Summonings
  2943 | D:3      | Learned a level 3 spell: Summon Guardian Golem
  3194 | D:4      | Noticed Eustachio
  3206 | D:4      | Slain by Eustachio

Illustrated notes

Levels and vault maps discovered:
D:1:      amcnicky_arrival_feature_with_door, layout_basic, minmay_pentomino_o4
D:2:      layout_basic, shapermc_ecumenical_altar_venn, serial_bayou_pond_c,
          uniq_sigmund, uniq_crazy_yiuf_cottage
D:3:      layout_loops_ring, fedhas_altar_2, uniq_jessica
D:4:      layout_loops_cross, uniq_eustachio

Skill      XL: |  1  2  3  4  5  6 |
---------------+-------------------+-----
Fighting       | 1 2 |  2.7
Dodging        | 3 |  3.5
Spellcasting   | 3 |  3.3
Summonings     | 5 |  5.0
Stealth        | |  2.6

Action                   |  1- 3 |  4- 6 || total
-------------------------+-------+-------++-------
Melee: Dagger            |     9 |       ||     9
       Constrict         |     6 |    10 ||    16
       Tentacles         |     5 |     7 ||    12
       Great sword       |       |    44 ||    44
Throw: Dart              |     3 |       ||     3
 Cast: Summon Small Mamm |    35 |     2 ||    37
       Call Imp          |    12 |     1 ||    13
       Call Canine Famil |     4 |     2 ||     6
  Use: Potion            |     5 |       ||     5
       Scroll            |       |     1 ||     1
 Stab: Sleeping          |       |     4 ||     4
Armor: Skin              |     4 |     3 ||     7
Dodge: Dodged            |     5 |    43 ||    48
